 Dungeon Crawl Stone Soup version 0.27-a0-1119-gbf574a6a6b (webtiles) character file.

Game seed: 11679238126080911639

32 jasper the Charlatan (level 3, -9/28 HPs)
             Began as a Demonspawn Artificer on May 2, 2021.
             Mangled by an ice beast (14 damage)
             ... on level 2 of the Dungeon.
             The game lasted 00:01:54 (600 turns).

jasper the Charlatan (Demonspawn Artificer)          Turns: 600, Time: 00:01:55

Health: -9/28      AC: 12    Str: 13    XL:     3   Next: 8%
Magic:  3/3        EV: 10    Int: 12    God:
Gold:   31         SH:  0    Dex: 13    Spells: 2/2 levels left

rFire    . . .     SeeInvis .   k - +0 mace (protect)
rCold    . . .     Faith    .   (no shield)
rNeg     . . .     Spirit   .   m - +0 ring mail
rPois    .         Reflect  .   (no helmet)
rElec    .         Harm     .   (no cloak)
rCorr    .         Rampage  .   (no gloves)
Will     .....                  (no boots)
Stlth    +.........             (no amulet)
HPRegen  0.09/turn              (no ring)
MPRegen  0.16/turn              (no ring)

@: mighty, under a protective aura
A: powered by death 1, magic regeneration
a: no special abilities


You were on level 2 of the Dungeon.
You visited 1 branch of the dungeon, and saw 2 of its levels.

You collected 31 gold pieces.

Inventory:

Hand Weapons
 a - a +0 club
 k - a +0 mace of protection (weapon)
 n - a +0 hunting sling
Missiles
 f - 65 stones
 j - 9 sling bullets
Armour
 b - a +0 leather armour
 m - a +0 ring mail (worn)
Wands
 d - a wand of charming (15)
Scrolls
 g - a scroll of identify {unknown}
 h - a scroll of enchant weapon {unknown}
 l - 2 scrolls of teleportation {unknown}
Miscellaneous
 e - a piece from Xom's chessboard (15/15)


   Skills:
 * Level 2.9 Fighting
 * Level 0.4 Maces & Flails
 - Level 1.7 Armour
 - Level 0.8 Dodging
 - Level 0.8 Stealth
 - Level 3.0 Evocations


You had 2 spell levels left.
You didn't know any spells.
Your spell library was empty.

Dungeon Overview and Level Annotations

Branches:
Dungeon (2/15)

Altars:


Innate Abilities, Weirdness & Mutations

You regenerate a little health from kills.
You regenerate magic rapidly.


Message History

You shoot a sling bullet.
The sling bullet hits the ice beast but does no damage.
It was a potion of might.
You feel very mighty all of a sudden.
Your +0 mace of protection hums with potential!
k - a +0 mace of protection (weapon)
Aiming: Throw Flame
Press: ? - help, Q - select action, (/) - cycle Shift-Dir - straight line, f/p - ice beast
Aim: an ice beast (71% to hit)
The puff of flame hits the ice beast!
The ice beast melts!
The ice beast is heavily wounded.
The now-empty wand crumbles to dust.
You barely miss the ice beast.
The ice beast is heavily wounded.
The ice beast barely misses you. The ice beast hits you.
The ice beast freezes you!
You take 12 damage, and have 16/28 hp.
MASSIVE DAMAGE!!
You hit the ice beast.
Your weapon exudes an aura of protection.
The ice beast is severely wounded.
The ice beast hits you but does no damage.
You closely miss the ice beast.
The ice beast is severely wounded.
The ice beast hits you. The ice beast freezes you.
* * * LOW HITPOINT WARNING * * *
You take 9 damage, and have 7/28 hp.
MASSIVE DAMAGE!!
You closely miss the ice beast.
The ice beast is severely wounded.
The ice beast closely misses you. The ice beast misses you.
You barely miss the ice beast.
The ice beast is severely wounded.
The ice beast closely misses you.
You hit the ice beast.
Your weapon exudes an aura of protection.
The ice beast is almost dead.
The ice beast hits you.
* * * LOW HITPOINT WARNING * * *
The ice beast freezes you!
Ouch! That really hurt!
You die...

#.# #.#
#.# #.#
#.# ###<#
#...#
#.### #@#
#Y#
...>....#
#.###.#..
...#.##
### #.#
#.# #..
#..


You could see an ice beast.

Vanquished Creatures
  2 dart slugs (D:1)
  3 ball pythons (D:1)
  2 endoplasms (D:1)
  A giant cockroach (D:1)
  4 goblins (D:1)
  4 hobgoblins (D:1)
  3 kobolds (D:1)
  2 bats (D:1)
  2 frilled lizards (D:1)
  4 rats (D:1)
27 creatures vanquished.

Notes
Turn   | Place    | Note
-------+----------+-------------------------------------------
     0 | D:1      | jasper the Demonspawn Artificer began the quest for the
                  | Orb.
     0 | D:1      | Reached XP level 1. HP: 15/15 MP: 1/1
   105 | D:1      | Gained mutation: You regenerate magic rapidly. [demonic
                  | ancestry]
   105 | D:1      | Reached XP level 2. HP: 22/22 MP: 2/2
   349 | D:1      | Gained mutation: You regenerate a little health from kills.
                  | [demonic ancestry]
   349 | D:1      | Reached XP level 3. HP: 28/28 MP: 3/3
   589 | D:2      | Noticed an ice beast
   600 | D:2      | Mangled by an ice beast

Illustrated notes

Levels and vault maps discovered:
D:1:      saegor_arrival_simple_c, layout_rooms, st_stairs_9,
          minmay_statues_item, minmay_shallow_snake_nest
D:2:      layout_loops_cross

Skill      XL: |  1 |
---------------+----+-----
Fighting       | 2 |  2.9
Maces & Flails | |  0.4
Armour         | |  1.7
Dodging        | |  0.8
Stealth        | |  0.8
Evocations     | |  3.0

Action                   || total
-------------------------++-------
Melee: Club              ||    30
       Mace              ||    22
 Fire: Hunting sling     ||    13
Evoke: Wand              ||    15
  Use: Potion            ||     1
 Stab: Sleeping          ||     1
Armor: Leather armour    ||    18
       Ring mail         ||     6
Dodge: Dodged            ||    44

Table legend: (Time is in decaauts)
 A = Elapsed time spent in this place.
 B = Non-inter-level travel time spent in this place.
 C = Inter-level travel time spent in this place.
 D = Time resting spent in this place.
 E = Time spent auto-exploring this place.
 F = Levels seen in this place.
 G = Mean time per level.
                   A        B        C        D        E       F      G
               +--------+--------+--------+--------+--------+-----+--------+
         Total |    615 |    609 |      6 |      5 |    390 |   2 |  307.5 |
       Dungeon |    615 |    609 |      6 |      5 |    390 |   2 |  307.5 |
               +--------+--------+--------+--------+--------+-----+--------+

Top non-repeatable levels by time:
     D:1: 597 daAuts
     D:2: 18 daAuts
